 Dungeon Crawl Stone Soup version 0.28.0-47-ge53b351184 (webtiles) character file.

Game seed: 2315503587079289113

2021 GigaChad the Carver (level 9, -2/82 HPs)
             Began as a Minotaur Fighter on May 9, 2022.
             Was a Believer of Ashenzari.
             Slain by a cyan ugly thing (5 damage)
             ... on level 9 of the Dungeon.
             The game lasted 00:22:51 (9384 turns).

GigaChad the Carver (Minotaur Fighter)              Turns: 9384, Time: 00:22:52

Health: -2/82      AC: 13    Str: 21    XL:     9   Next: 3%
Magic:  8/8        EV: 11    Int:  5    God:    Ashenzari [**....]
Gold:   336        SH:  5    Dex: 14    Spells: 8/8 levels left

rFire   . . .      SeeInvis +   a - +1 long sword "Bound Omen" {freeze, Comp, Bglg} (curse)
rCold   + + .      Faith    .   c - +0 buckler
rNeg    . . .      Spirit   .   p - +5 scale mail "Prophetic Insecurity" {rC++, Self, Range} (curse)
rPois   +          Reflect  .   (helmet restricted)
rElec   .          Harm     .   (no cloak)
rCorr   .          Rampage  .   (no gloves)
Will    +....                   (no boots)
Stlth   ..........              (no amulet)
HPRegen 0.23/turn               r - ring of poison resistance
MPRegen 0.11/turn               x - ring of the Chained Sun {Will+, Alch, Self} (curse)

@: no status effects
A: horns 2, retaliatory headbutt
a: Renounce Religion, Shatter the Chains


You were on level 9 of the Dungeon.
You worshipped Ashenzari.
Ashenzari was pleased with you.
You visited 2 branches of the dungeon, and saw 10 of its levels.

You collected 336 gold pieces.

Inventory:

Hand Weapons
 a - the cursed +1 long sword "Bound Omen" (weapon) {freeze, Comp, Bglg}

   It freezes those it strikes, dealing additional cold damage.
   It can also slow down cold-blooded creatures.
   It has a curse which improves the following skills: Companions: Summonings
   and Necromancy.
   Beguiling: Conjurations, Hexes and Translocations.
 f - a +0 arbalest
 k - the +1 dagger of Equilibrium {antimagic, rF- Will+ Str+4}
   (You found it on level 6 of the Dungeon)

   It reduces the magical energy of the wielder, and disrupts the spells and
   magical abilities of those it strikes.
   Natural abilities and divine invocations are not affected.
   Str:       It affects your strength (+4).
   rF:        It makes you vulnerable to fire.
   Will:      It increases your willpower.
 o - a +5 flail
 q - a +0 broad axe
Armour
 b - a +1 scale mail
 c - a +0 buckler (worn)
 p - the cursed +5 scale mail "Prophetic Insecurity" (worn) {rC++, Self, Range}
   (You found it on level 3 of the Dungeon)

   rC:        It greatly protects you from cold.
   It has a curse which improves the following skills: Introspection: Fighting
   and Spellcasting.
   Ranged Combat: Slings, Bows, Crossbows and Throwing.
 z - a +0 plate armour
Jewellery
 g - an amulet of magic regeneration
 r - a ring of poison resistance (left hand)
 x - the cursed ring of the Chained Sun (right hand) {Will+, Alch, Self}
   (You found it on level 6 of the Dungeon)

   [ring of willpower]

   Will:      It increases your willpower.
   It has a curse which improves the following skills: Alchemy: Poison Magic and
   Transmutations.
   Introspection: Fighting and Spellcasting.
Wands
 e - a wand of flame (37)
 A - a wand of mindburst (8)
Scrolls
 h - a scroll of enchant armour
 i - a scroll of teleportation
 j - a scroll of enchant weapon
 l - 2 scrolls of immolation
 u - a scroll of noise
 v - 2 scrolls of vulnerability
 w - a scroll of torment
 y - 2 scrolls of holy word
Potions
 d - 4 potions of might
 m - 2 potions of flight
 n - 3 potions of curing
 s - a potion of berserk rage
 t - a potion of heal wounds
 B - a potion of lignification


   Skills:
 + Level 6.5(8.4) Fighting
 + Level 8.8 Long Blades
 + Level 8.5 Armour
 + Level 3.2 Dodging
 + Level 1.3 Stealth
 + Level 5.7 Shields


You had 8 spell levels left.
You didn't know any spells.
Your spell library contained the following spells:

 Spells                   Type           Power      Damage    Failure   Level
 Shock                    Conj/Air       0%         1d3       85%         1
 Summon Guardian Golem    Hex/Summ       0%         N/A       99%         3
 Swiftness                Air            0%         N/A       99%         3
 Airstrike                Air            0%         N/A       100%        4
 Summon Lightning Spire   Summ/Air       0%         N/A       100%        4
 Lightning Bolt           Conj/Air       0%         1d11      100%        5
 Orb of Destruction       Conj           0%         9d5       100%        7
 Spellforged Servitor     Conj/Summ      0%         N/A       100%        7


Dungeon Overview and Level Annotations

Branches:
Dungeon (9/15)             Temple (1/1) D:6
   Lair: D:8-11         Orc: D:9-12

Altars:
Ashenzari
Cheibriados
Dithmenos
Elyvilon
Fedhas
Gozag
Hepliaklqana
Kikubaaqudgha
Makhleb
Nemelex Xobeh
Okawaru
Qazlal
Ru
Sif Muna
Vehumet
Wu Jian
Xom
Yredelemnul
Zin
The Shining One

Shops:
D:6 :


Innate Abilities, Weirdness & Mutations

You have a pair of horns on your head.
You reflexively headbutt those who attack you in melee.


Message History

Your headbutt misses the cyan ugly thing.
The cyan ugly thing is heavily wounded.
The cyan ugly thing gores you! The cyan ugly thing shocks you!
You hit the cyan ugly thing but do no damage.
The cyan ugly thing is heavily wounded.
The cyan ugly thing gores you but does no damage.
You hit the cyan ugly thing but do no damage.
The cyan ugly thing is moderately wounded.
You block the cyan ugly thing's attack.
You hit the cyan ugly thing but do no damage.
The cyan ugly thing is moderately wounded.
The cyan ugly thing gores you! The cyan ugly thing shocks you!
* * * LOW HITPOINT WARNING * * *
You completely miss the cyan ugly thing.
The cyan ugly thing is moderately wounded.
The cyan ugly thing gores you but does no damage.
You hit the cyan ugly thing. You freeze the cyan ugly thing.
The cyan ugly thing is heavily wounded.
The cyan ugly thing closely misses you.
You hit the cyan ugly thing. You freeze the cyan ugly thing.
The cyan ugly thing is heavily wounded.
The cyan ugly thing barely misses you. You furiously retaliate!
You headbutt the cyan ugly thing, but do no damage.
You hit the cyan ugly thing. You freeze the cyan ugly thing.
The cyan ugly thing is heavily wounded.
The cyan ugly thing barely misses you.
You barely miss the cyan ugly thing. You headbutt the cyan ugly thing.
The cyan ugly thing is heavily wounded.
The cyan ugly thing gores you.
* * * LOW HITPOINT WARNING * * *
The cyan ugly thing shocks you!
* * * LOW HITPOINT WARNING * * *
You hit the cyan ugly thing. You freeze the cyan ugly thing.
The cyan ugly thing is severely wounded.
You block the cyan ugly thing's attack.
You hit the cyan ugly thing but do no damage.
Your headbutt misses the cyan ugly thing.
The cyan ugly thing is severely wounded.
The cyan ugly thing gores you.
You die...

, , , * /. ,, , , , #. ,
.. * # ##. .#####
,.#.#..#* * ...... ,, ,
....... * .#...# * ,,
,.......####.... , ,,
........##..#, , ,
.......@u..#
...........############
,.........#...#....#...##
, ..##.#...#.....# #...#.
. ###...##....####..... *
#..#####........... ,
#### #............ , *
#............
#...........#


You could see a cyan ugly thing.

Vanquished Creatures
  Pikel (D:6)
  Menkaure (D:5)
  A water moccasin (D:7)
  2 ice beasts (D:6)
  2 sky beasts
  2 ogres
  3 scorpions
  An electric eel (D:6)
  A centaur zombie (D:6)
  2 hounds
  2 jellies
  An orc priest (D:5)
  2 centaur skeletons
  Ijyb (D:5)
  3 orc wizards
  2 iguanas
  A killer bee zombie (D:6)
  A hound zombie (D:5)
  A hound skeleton (D:4)
  3 gnolls (D:4)
  3 adders
  An adder skeleton (D:4)
  A dart slug (D:2)
  3 worms
  15 orcs
  7 ball pythons
  4 bats
  5 endoplasms
  3 giant cockroaches
  3 hobgoblins
  A jackal (D:3)
  A quokka (D:4)
  3 frilled lizards
  6 goblins
  6 kobolds
  8 rats
103 creatures vanquished.

Notes
Turn   | Place    | Note
-------+----------+-------------------------------------------
     0 | D:1      | GigaChad the Minotaur Fighter began the quest for the Orb.
     0 | D:1      | Reached XP level 1. HP: 19/19 MP: 0/0
   356 | D:1      | Reached XP level 2. HP: 26/27 MP: 1/1
  1165 | D:2      | Reached XP level 3. HP: 33/33 MP: 2/2
  1532 | D:3      | Identified the +5 scale mail of the Serpent {rC++}
  2310 | D:3      | Reached XP level 4. HP: 36/40 MP: 3/3
  2531 | D:4      | Found a glowing silver altar of Zin.
  2712 | D:4      | Found a basalt altar of Yredelemnul.
  2769 | D:4      | Reached XP level 5. HP: 40/46 MP: 4/4
  2774 | D:4      | Reached skill level 1 in Dodging
  3161 | D:4      | Reached skill level 5 in Armour
  3638 | D:5      | Entered Level 5 of the Dungeon
  3643 | D:5      | Noticed Ijyb
  3652 | D:5      | Killed Ijyb
  3804 | D:5      | Reached XP level 6. HP: 48/53 MP: 5/5
  3832 | D:5      | Reached skill level 5 in Long Blades
  4471 | D:5      | Found a white marble altar of Elyvilon.
  4532 | D:5      | Found a broken altar of Ashenzari.
  4575 | D:5      | Noticed Menkaure
  4581 | D:5      | Killed Menkaure
  4582 | D:5      | Reached XP level 7. HP: 23/60 MP: 6/6
  4982 | D:5      | Became a worshipper of Ashenzari the Shackled
  5058 | D:5      | Reached skill level 5 in Shields
  5539 | D:5      | Reached skill level 5 in Fighting
  5799 | D:6      | Found a shadowy altar of Dithmenos.
  5925 | D:6      | Found a glowing golden altar of the Shining One.
  6671 | D:6      | Found Piuggu's Book Shoppe.
  6728 | D:6      | Found a staircase to the Ecumenical Temple.
  6769 | Temple   | Entered the Ecumenical Temple
  7143 | D:6      | Reached XP level 8. HP: 60/69 MP: 7/7
  7145 | D:6      | Identified the +1 dagger of Equilibrium {antimagic, rF-
                  | Will+ Str+4}
  7245 | D:6      | Reached * piety under Ashenzari
  7351 | D:6      | Reached skill level 1 in Stealth
  7393 | D:6      | Noticed Pikel
  7412 | D:6      | Killed Pikel
  8058 | D:8      | Noticed a five-headed hydra
  8513 | D:8      | Reached XP level 9. HP: 53/79 MP: 8/8
  8959 | D:8      | Reached ** piety under Ashenzari
  9061 | D:8      | Found a stormy altar of Qazlal.
  9269 | D:8      | Found a shimmering altar of Xom.
  9271 | D:8      | Found a hazy altar of Hepliaklqana.
  9272 | D:8      | Noticed a spectral ugly thing
  9363 | D:9      | Noticed a cyan ugly thing
  9382 | D:9      | HP: 2/82 [cyan ugly thing (15)]
  9384 | D:9      | Slain by a cyan ugly thing

Illustrated notes

Levels and vault maps discovered:
D:1:      dpeg_arrival_stonehenge_8_columns, layout_basic, amethyst_killhole
D:2:      layout_rooms
D:3:      minmay_angry_zag, layout_rooms, amcnicky_mini_rare_corridor_liquid
D:4:      layout_loops_corners, mainiacjoe_overflow_paths, zin_academy,
          portal_sewer_entry_e
D:5:      layout_loops_corners, old_standard_altar, nicolae_ashenzari_skybound,
          hangedman_decor_diamond_cutter, uniq_menkaure, uniq_ijyb
D:6:      layout_cave_pods, nicolae_overflow_squiral,
          minmay_temple_entry_stoned_glass, serial_shops, shop, uniq_pikel
D:7:      layout_basic, dk_rats_in_the_wall
D:8:      layout_loops_ring, regret_index_temple_of_mockery,
          nicolae_qazlal_style_of_elements, kennysheep_cross_bottleneck
D:9:      layout_cave_pools, lemuel_coloured_pillars_altar,
          amcnicky_altar_gilded, grunt_lair_entry_orc_guard_hut, orc_0_dummy,
          minmay_microvault
Temple:   minmay_temple_curvy_loop

Skill      XL: |  1  2  3  4  5  6  7  8 |
---------------+-------------------------+-----
Fighting       | 4 5 6 |  6.5
Armour         | 4 5 6 7 8 |  8.5
Long Blades    | 3 4 5 7 8 |  8.8
Shields        | 4 5 |  5.7
Dodging        | 1 2 3 |  3.2
Stealth        | 1 |  1.3

Action                   |  1- 3 |  4- 6 |  7- 9 || total
-------------------------+-------+-------+-------++-------
Melee: Long sword        |    90 |    99 |   132 ||   321
       Headbutt          |    10 |    12 |    31 ||    53
Invok: Curse Item        |       |       |     3 ||     3
  Use: Scroll            |     4 |     3 |     7 ||    14
Armor: Scale mail        |    57 |    61 |    75 ||   193
Dodge: Dodged            |    55 |    45 |    50 ||   150
Block: Buckler           |    22 |    30 |    27 ||    79
